 Dungeon Crawl Stone Soup version 0.20-a0-517-g5f97612 (webtiles) character file.

72 kae the Covered (level 4, 0/37 HPs)
             Began as a Barachian Fighter on Jan 24, 2017.
             Slain by Sigmund
             ... wielding a +4 scythe of protection
              (6 damage)
             ... on level 2 of the Dungeon.
             The game lasted 00:01:05 (1256 turns).

kae the Covered (Barachian Fighter)                 Turns: 1256, Time: 00:01:06

Health: 0/37       AC:  7    Str: 20    XL:     4   Next: 25%
Magic:  4/4        EV:  7    Int:  6    God:
Gold:   71         SH:  9    Dex: 10    Spells: 3/3 levels left

rFire    . . .     SeeInvis .   a - +0 long sword
rCold    . . .     Gourm    .   b - +0 scale mail
rNeg     . . .     Faith    .   c - +0 shield
rPois    .         Spirit   .   (no helmet)
rElec    .         Reflect  .   (no cloak)
rCorr    .         Harm     .   (no gloves)
MR       .....                  (no boots)
Stlth    ..........             (no amulet)
Regen    0.2/turn               (no ring)
                                (no ring)

@: mighty, slow
A: swims, slowness 1, strong legs 1
a: Hop


You were on level 2 of the Dungeon.
You were very hungry.

You visited 1 branch of the dungeon, and saw 2 of its levels.

You collected 71 gold pieces.

Inventory:

Hand Weapons
 a - a +0 long sword (weapon)
Armour
 b - a +0 scale mail (worn)
 c - a +0 shield (worn)
Jewellery
 o - an uncursed amulet of guardian spirit {unknown}
Scrolls
 h - a scroll of identify {unknown}
 j - a scroll of amnesia {unknown}
 k - a scroll of remove curse {unknown}
 m - a scroll of magic mapping {unknown}
 n - 2 scrolls of enchant armour {unknown}
Potions
 e - 3 potions of ambrosia {unknown}
 i - a potion of resistance {unknown}
 l - a potion of agility {unknown}
Comestibles
 f - 2 bread rations
 g - a royal jelly


   Skills:
 + Level 3.8 Fighting
 * Level 3.7 Long Blades
 + Level 4.0 Armour
 - Level 3.0 Shields


You had 3 spell levels left.
You didn't know any spells.

Dungeon Overview and Level Annotations

Branches:
Dungeon (2/15)

Altars:
Okawaru

Annotations:
D:2 Sigmund


Innate Abilities, Weirdness & Mutations

You can swim through water.
You cover ground slowly.
You can hop short distances.


Message History

Something hits you!
You barely miss something. Something hits you.
You barely miss something. You hit something.
You hear some strange, mumbled words.
A puff of flame appears from out of thin air!
You block the puff of flame. Something hits you.
You miss something. You barely miss something. Something hits you.
You slash something!
You hear some strange, mumbled words.
A puff of flame appears from out of thin air!
You block the puff of flame. Something hits you but does no damage.
You miss something. You miss something. You block something's attack.
You are feeling very hungry.
You miss something. Something hits you!
* * * LOW HITPOINT WARNING * * *
You slash something! Something hits you.
You die...

#.#.....
#.#.#### ###
#....... ..#
###.#.## #.#
#.#... #.#
##.#.#. #.#
#...... #{#
#..#... #@#
#...<.. #.#
##.#### #.#
#.....
#.####.###
######
#........#
...####.##.#
#..........#
#.####.#..#
#.####


There were no monsters in sight!

Vanquished Creatures
  3 adders (D:2)
  2 oozes (D:1)
  A worm (D:2)
  A dart slug (D:1)
  3 bats
  6 hobgoblins
  A ball python (D:1)
  2 frilled lizards (D:2)
  7 goblins
  3 kobolds
  3 rats
32 creatures vanquished.

Notes
Turn   | Place    | Note
-------+----------+-------------------------------------------
     0 | D:1      | kae the Barachian Fighter began the quest for the Orb.
     0 | D:1      | Reached XP level 1. HP: 18/18 MP: 1/1
    40 | D:1      | Reached XP level 2. HP: 23/24 MP: 2/2
   442 | D:1      | Reached XP level 3. HP: 27/29 MP: 3/3
   751 | D:2      | Found an iron altar of Okawaru.
  1017 | D:2      | Reached XP level 4. HP: 37/37 MP: 4/4
  1211 | D:2      | Reached skill level 4 in Armour
  1237 | D:2      | Noticed Sigmund
  1256 | D:2      | Slain by Sigmund

Vault maps used:
D:1:      erik_arrival_gehennom
D:2:      okawaru_metal_pillars_1_2, first_bread, uniq_natasha, uniq_iyjb,
          uniq_sigmund

Skill      XL: |  1  2  3  4 |
---------------+-------------+-----
Long Blades    | 3 |  3.7
Armour         | 4 |  4.0
Fighting       | |  3.8
Shields        | |  3.0

Action                   |  1- 3 |  4- 6 || total
-------------------------+-------+-------++-------
Melee: Long sword        |    93 |    36 ||   129
 Abil: Hop               |     2 |       ||     2
  Use: Potion            |       |     1 ||     1
  Eat: Chunk             |     1 |       ||     1
Armor: Scale mail        |    48 |    27 ||    75
Dodge: Dodged            |    23 |     6 ||    29
Block: Shield            |    49 |    20 ||    69
       Rpst.: Long sword |    11 |     2 ||    13
